 Dungeon Crawl Stone Soup version 0.18-a0-952-g309898a (webtiles) character file.

585 Duffy the Firebug (level 6, 21/45 HPs)
             Began as a Demigod Fire Elementalist on Dec 31, 2015.
             Quit the game on level 4 of the Dungeon.
             The game lasted 00:06:26 (5843 turns).

Duffy the Firebug (Demigod Fire Elementalist)       Turns: 5843, Time: 00:06:26

Health: 21/45      AC:  4    Str: 11    XL:     6   Next: 91%
Magic:  12/13      EV: 12    Int: 23    God:
Gold:   180        SH:  0    Dex: 16    Spells: 3 memorised, 3 levels left

rFire  . . .     SeeInvis +     m - +0 dagger
rCold  . . .     Gourm    .     E - +0 leather armour "Mosesoim" {SInv} (curse)
rNeg   . . .     Faith    .     (no shield)
rPois  .         Spirit   .     (no helmet)
rElec  .         Dismiss  .     g - +0 cloak
rCorr  .         Reflect  .     (no gloves)
SustAt +         Harm     .     (no boots)
MR     .....                    (no amulet)
Stlth  ++........               x - ring of wizardry
                                (no ring)

@: not resistant to hostile enchantments, unstealthy
A: high mp 1, sustain attributes
a: no special abilities


You were on level 4 of the Dungeon.
You were hungry.

You visited 1 branch of the dungeon, and saw 5 of its levels.

You collected 180 gold pieces.


Innate Abilities, Weirdness & Mutations

You have an increased reservoir of magic (+10% MP).
Your attributes are resistant to harm.


   Skills:
 - Level 1.7 Dodging
 - Level 1.7 Stealth
 + Level 3.2 Spellcasting
 * Level 4.7 Conjurations
 * Level 4.8 Fire Magic


You had 3 spell levels left.
You knew the following spells:

 Your Spells              Type           Power        Failure   Level  Hunger
a - Flame Tongue          Conj/Fire      ####.        1%          1    None
j - Sticky Flame          Conj/Fire      ####....     9%          4    ####...
l - Conjure Flame         Conj/Fire      ####....     3%          3    ###....

Inventory:

Hand Weapons
 m - a +0 dagger (weapon)
 y - a +0 long sword
Missiles
 s - 27 poisoned needles
Armour
 g - a +0 cloak (worn)
 C - a +0 robe of cold resistance
 E - the cursed +0 leather armour "Mosesoim" (worn) {SInv}

   It lets you see invisible.
   It has a curse placed upon it.
Jewellery
 t - an uncursed ring of ice
 x - a ring of wizardry (right hand)
Scrolls
 d - 2 scrolls of fog {unknown}
 i - a scroll of amnesia {unknown}
 j - a scroll of teleportation {unknown}
 n - a scroll of identify {unknown}
 q - a scroll of fear {unknown}
 u - a scroll of magic mapping {unknown}
 F - a scroll of remove curse {unknown}
Potions
 a - a potion of berserk rage {unknown}
 e - a potion of agility {unknown}
 h - 3 potions of curing {unknown}
 k - a potion of ambrosia {unknown}
 o - 3 potions of heal wounds {unknown}
 p - 2 potions of brilliance {unknown}
 w - a potion of resistance {unknown}
 z - a potion of might {unknown}
 A - a potion of flight {unknown}
Books
 b - a book of Flames
Comestibles
 c - 6 bread rations
 f - 2 meat rations
 l - a slice of pizza
 r - a royal jelly
 v - a fruit
 B - a chunk of flesh
 D - a beef jerky

Dungeon Overview and Level Annotations

Branches:
Dungeon (5/15)
 Temple: D:4-7


Message History

The crimson imp hits you.
You hit the crimson imp.
The crimson imp is lightly wounded.
The crimson imp hits you but does no damage.
You closely miss the crimson imp.
The crimson imp is lightly wounded.
The crimson imp blinks!
The crimson imp hits you.
You hit the crimson imp.
The crimson imp is moderately wounded.
The crimson imp hits you but does no damage.
You closely miss the crimson imp.
The crimson imp is lightly wounded.
The crimson imp blinks!
The crimson imp blinks!
The crimson imp blinks!
The crimson imp hits you.
You are too injured to fight recklessly!
You are too injured to fight recklessly!
You are too injured to fight recklessly!
You are too injured to fight recklessly!
You are too injured to fight recklessly!
You are too injured to fight recklessly!
You are too injured to fight recklessly!
You are too injured to fight recklessly!
You are too injured to fight recklessly!
You are too injured to fight recklessly!
You are too injured to fight recklessly!
You are too injured to fight recklessly!
You are too injured to fight recklessly!
You are too injured to fight recklessly!
You are too injured to fight recklessly!
You are too injured to fight recklessly!
You are too injured to fight recklessly!
Are you sure you want to abandon this character and quit the game? (Confirm with "yes".)

.........#..........#
.........#..........#
........<#..........####
...........>.......#...##########
........###............##_....)._
.......................##.....)..
.........#.............#...#..#..
.........#............##.........
................@...#.#...#....#.
.........#.....5....###..........
...................###_..#......#
#......###........#####..........
##...### #.#####...[..#...#....#.
#..#######.####.......##.........
...........(.....#######...#..#..
.......###.#####.# ##........
....[..# #..# #.# #_......_


You could see a crimson imp.

Action                   |  1- 3 |  4- 6 || total
-------------------------+-------+-------++-------
Melee: Unarmed           |     2 |       ||     2
       Dagger            |     5 |    82 ||    87
 Cast: Flame Tongue      |    75 |   169 ||   244
       Sticky Flame      |       |     6 ||     6
 Stab: Sleeping          |       |     4 ||     4
  Eat: Chunk             |     3 |    13 ||    16

Notes
Turn   | Place    | Note
--------------------------------------------------------------
     0 | D:1      | Duffy the Demigod Fire Elementalist began the quest for the Orb.
     0 | D:1      | Reached XP level 1. HP: 14/14 MP: 5/5
    22 | D:1      | Reached skill level 1 in Conjurations
   502 | D:1      | Reached skill level 2 in Spellcasting
   502 | D:1      | Reached XP level 2. HP: 20/20 MP: 5/7
   658 | D:1      | Found a sparkling altar of Nemelex Xobeh.
   661 | D:1      | Reached skill level 2 in Conjurations
  1309 | D:2      | Reached XP level 3. HP: 26/26 MP: 2/8
  1555 | D:2      | Learned a level 3 spell: Conjure Flame
  1652 | D:2      | Noticed Jessica
  1654 | D:2      | Killed Jessica
  1758 | D:2      | Reached skill level 3 in Conjurations
  1893 | D:2      | Found a basalt altar of Yredelemnul.
  1900 | D:2      | Reached skill level 3 in Fire Magic
  1905 | D:2      | Reached XP level 4. HP: 31/33 MP: 0/10
  2703 | D:2      | Learned a level 4 spell: Sticky Flame
  3375 | D:3      | Reached XP level 5. HP: 38/38 MP: 7/11
  4340 | D:4      | Reached skill level 4 in Fire Magic
  4778 | D:3      | Reached skill level 4 in Conjurations
  4778 | D:3      | Reached XP level 6. HP: 41/45 MP: 6/13
  4879 | D:4      | Reached skill level 3 in Spellcasting
  5258 | D:4      | Found a bloodstained altar of Trog.
  5258 | D:4      | Found a sacrificial altar of Ru.
  5258 | D:4      | Found a sparkling altar of Nemelex Xobeh.
  5258 | D:4      | Found an iron altar of Okawaru.
  5266 | D:4      | Found an opulent altar of Gozag.
  5268 | D:4      | Found a glowing silver altar of Zin.
  5315 | D:4      | Got a fine leather armour
  5326 | D:4      | Identified the cursed +0 leather armour "Mosesoim" {SInv} (You found it on level 4 of the Dungeon)
  5768 | D:5      | Entered Level 5 of the Dungeon
  5843 | D:4      | Quit the game

Vault maps used:
D:1:      minmay_arrival_stair_chambers, minmay_misc_feat_hallway, nemelex_deck
D:2:      yredelemnul_forgotten_temple_becter, minmay_vboxes, uniq_jessica
D:3:      first_bread
D:4:      minmay_overflow_temple_hex

Vanquished Creatures
  A scorpion
  A gnoll shaman
  2 giant frog skeletons
  A hound
  An iguana
  An orc priest
  3 worker ants Jessica
  5 gnolls
  11 adders
  An ooze
  2 worms
  6 giant geckos
  7 orcs
  A ball python
  11 bats
  5 giant cockroaches
  6 hobgoblins
  4 jackals
  4 quokkas
  5 giant newts
  15 goblins
  7 kobolds
  A quokka skeleton
  10 rats
  A spectral orc
113 creatures vanquished.
